 Dungeon Crawl Stone Soup version 0.27.1-1-g398f81649c (webtiles) character file.

Game seed: 12110977045192442196

9 Descartes the Sneak (level 2, -3/16 HPs)
             Began as a Spriggan Delver on Sept 18, 2021.
             Slain by an ice beast (14 damage)
             ... on level 5 of the Dungeon.
             The game lasted 00:00:11 (21 turns).

Descartes the Sneak (Spriggan Delver)                 Turns: 21, Time: 00:00:11

Health: -3/16      AC:  2    Str:  8    XL:     2   Next: 3%
Magic:  3/3        EV: 17    Int: 11    God:
Gold:   0          SH:  0    Dex: 16    Spells: 1/1 levels left

rFire    . . .     SeeInvis +   a - +0 short sword
rCold    . . .     Faith    .   (shield restricted)
rNeg     . . .     Spirit   .   b - +0 robe
rPois    .         Reflect  .   (helmet restricted)
rElec    .         Harm     .   (no cloak)
rCorr    .         Rampage  .   (gloves unavailable)
Will     .....                  (boots unavailable)
Stlth    ++++......             (no amulet)
HPRegen  0.05/turn              (no ring)
MPRegen  0.08/turn              (no ring)

@: very quick
A: very small, no large weapons, unfitting armour, see invisible, speed 3
a: no special abilities


You were on level 5 of the Dungeon.
You visited 1 branch of the dungeon, and saw 2 of its levels.

Inventory:

Hand Weapons
 a - a +0 short sword (weapon)
Armour
 b - a +0 robe (worn)
Wands
 g - a wand of digging (3)
Scrolls
 c - a scroll of fog
 d - a scroll of magic mapping
 e - a scroll of fear
Potions
 f - a potion of haste


   Skills:
 - Level 2.4 Fighting
 + Level 2.5 Short Blades
 + Level 3.1 Dodging
 + Level 7.4 Stealth


You had one spell level left.
You didn't know any spells.
Your spell library was empty.

Dungeon Overview and Level Annotations

Branches:
Dungeon (5/15)
 Temple: D:4-7

Altars:


Innate Abilities, Weirdness & Mutations

You are very small and have problems with some larger weapons.
You are too small for most types of armour.
You have supernaturally acute eyesight. (SInv)
You cover ground extremely quickly. (Speed+++)


Message History

Welcome, Descartes the Spriggan Delver.
It is said that the Orb of Zot exists deep within this dungeon.
Press ? for a list of commands and other information.
Found a stone staircase leading down.
You open the door.
Found a stone staircase leading up.
There is an open door here.
There is a stone staircase leading up here.
You climb upwards.
There is a stone staircase leading down here.
The helpless adder fails to defend itself.
You impale the adder!!
You kill the adder!
Your Dodging skill increases to level 3!
You have reached level 2!
You climb downwards.
There is a stone staircase leading up here.
An ice beast comes into view.
Found a black potion.
The helpless ice beast fails to defend itself.
You impale the ice beast!!
The ice beast is severely wounded.
The ice beast closely misses you.
You hit the ice beast but do no damage.
The ice beast is severely wounded.
You hit the ice beast but do no damage.
The ice beast is severely wounded.
The ice beast closely misses you.
You hit the ice beast but do no damage.
The ice beast is severely wounded.
The ice beast hits you. The ice beast freezes you!
Ouch! That really hurt!
You die...

## #. .# #.#
.# #.#
##.###### .
#.# #Y..!....
..#####.###@.#
.....#...##..#
..........#..#
.....#.......#
#...........##
#..####.#####
#<# ##'##
##...##


You could see an ice beast.

Vanquished Creatures
  An adder (D:4)
1 creature vanquished.

Notes
Turn   | Place    | Note
-------+----------+-------------------------------------------
     0 | D:5      | Descartes the Spriggan Delver began the quest for the Orb.
     0 | D:5      | Reached XP level 1. HP: 11/11 MP: 2/2
     8 | D:4      | Reached XP level 2. HP: 16/16 MP: 3/3
    14 | D:5      | Noticed an ice beast
    21 | D:5      | Slain by an ice beast

Illustrated notes

Levels and vault maps discovered:
D:4:      layout_loops_cross, lemuel_round_altar,
          mainiacjoe_overflow_cross_hatched, uniq_edmund, uniq_menkaure,
          uniq_natasha
D:5:      layout_loops_corners, mainiacjoe_overflow_large_starburst,
          uniq_crazy_yiuf_cottage, uniq_eustachio, uniq_duvessa

Skill      XL: |  1 |
---------------+----+-----
Dodging        | 3 |  3.1
Fighting       | |  2.4
Short Blades   | |  2.5
Stealth        | |  7.4

Action                   || total
-------------------------++-------
Melee: Short sword       ||     5
 Stab: Sleeping          ||     2
Dodge: Dodged            ||     2
